 Dungeon Crawl Stone Soup version 0.21-a0-369-g397cdb2 (webtiles) character file.

170 Humpert the Covered (level 5, -10/42 HPs)
             Began as a Demonspawn Fighter on Oct 15, 2017.
             Killed from afar by an orc (23 damage)
             ... with an exploding inner flame
             ... hexed by the player character
             ... on level 3 of the Dungeon.
             The game lasted 00:04:57 (3234 turns).

Humpert the Covered (Demonspawn Fighter)            Turns: 3234, Time: 00:04:58

Health: -10/42     AC: 11    Str: 17    XL:     5   Next: 25%
Magic:  5/5        EV:  7    Int:  9    God:
Gold:   83         SH:  0    Dex: 13    Spells: 4/4 levels left

rFire    + . .     SeeInvis .   a - +0 long sword
rCold    . . .     Gourm    .   (no shield)
rNeg     . . .     Faith    .   s - +2 chain mail {rPois}
rPois    +         Spirit   .   (helmet restricted)
rElec    .         Reflect  .   (no cloak)
rCorr    .         Harm     .   (no gloves)
MR       .....                  (no boots)
Stlth    ..........             (no amulet)
HPRegen  0.14/turn              (no ring)
MPRegen  0.09/turn              (no ring)

@: about to teleport
A: horns 1, fire resistance 1, nightstalker 1
a: no special abilities


You were on level 3 of the Dungeon.
You were not hungry.

You visited 1 branch of the dungeon, and saw 3 of its levels.

You collected 83 gold pieces.

Inventory:

Hand Weapons
 a - a +0 long sword (weapon)
Armour
 b - a +0 scale mail
 c - a +0 shield
 s - a +2 chain mail of poison resistance (worn)
Jewellery
 g - an uncursed ring of protection from magic
 l - an uncursed ring of protection from fire {unknown}
 m - a +4 ring of evasion {unknown}
Scrolls
 e - 3 scrolls of identify
 j - a scroll of fog {unknown}
 k - a scroll of immolation
 n - a scroll of remove curse
 v - a scroll of magic mapping
Potions
 i - a potion of degeneration {unknown}
 o - a potion of magic {unknown}
 r - a potion of brilliance {unknown}
 t - 2 potions of haste {unknown}
Comestibles
 d - a royal jelly
 f - 3 bread rations
 p - 2 fruits
 u - 2 meat rations


   Skills:
 + Level 3.8 Fighting
 + Level 3.1 Long Blades
 + Level 3.9 Armour
 + Level 3.1 Shields


You had 4 spell levels left.
You didn't know any spells.

Dungeon Overview and Level Annotations

Branches:
Dungeon (3/15)

Altars:
Hepliaklqana
Okawaru
Vehumet
Xom


Innate Abilities, Weirdness & Mutations

You have a pair of small horns on your head.
Your flesh is heat resistant. (rF+)
You are slightly more attuned to the shadows.


Message History

As you read the scroll labeled KANOOS LUISCH, it crumbles to dust.
You feel strangely unstable.
It was a scroll of teleportation.
The orc wizard gestures at you while chanting.
The magic dart hits you! The orc barely misses you.
The orc hits you but does no damage.
The orc priest invokes the aid of Beogh against you.
Beogh smites you!
The orc wizard hits you but does no damage.
The orc barely misses you.
You riposte.
You closely miss the orc. The orc hits you but does no damage.
The orc wizard hits you with a dagger.
You completely miss the orc. You headbutt the orc.
The orc explodes!
The fiery explosion engulfs you! You resist.
The fiery explosion engulfs the orc.
The orc explodes!
The fiery explosion engulfs the orc.
The orc explodes!
The fiery explosion engulfs you! You resist.
Ouch! That really hurt!
You die...

.............###
#'########.....#
#........'.....###
..########.......# ..#
#.......# ****** .<#
#####...# ***,,,,** )>#
#...# **,,,,,,,** ###
#§§o# *,,,,,,,,,* #§§@#
**,,,,*,,,,* #§§§#
*,,,,***,,,** #####
#§§o# *,,_,*,*,,,+,
....# #...#
*,,,,***,,,** ....#
***#...#****,,,,*,,,,**
....#
#.........#*,,,,,,,,,*,
....#
#..........#*,,,,,,,**,
#####
#..........#***,,,,**,,
#............*******,,*


You could see an orc priest (inner flame) and an orc wizard (inner flame).

Vanquished Creatures
  Jessica (D:2)
  Robin (D:3)
  3 gnolls (D:3)
  3 adders
  2 oozes (D:1)
  A worm (D:2)
  2 dart slugs (D:1)
  2 orcs (D:3)
  7 bats
  4 giant cockroaches
  11 goblins
  8 hobgoblins
  2 jackals (D:1)
  A quokka (D:3)
  2 frilled lizards
  A kobold (D:1)
  8 rats
59 creatures vanquished.

Notes
Turn   | Place    | Note
-------+----------+-------------------------------------------
     0 | D:1      | Humpert the Demonspawn Fighter began the quest for the Orb.
     0 | D:1      | Reached XP level 1. HP: 18/18 MP: 1/1
   244 | D:1      | Gained mutation: You are slightly more attuned to the shadows. [demonic ancestry]
   244 | D:1      | Reached XP level 2. HP: 24/24 MP: 2/2
   820 | D:1      | Reached XP level 3. HP: 29/29 MP: 3/3
  1399 | D:2      | HP: 1/29 [worm (7)]
  1940 | D:2      | Noticed Jessica
  1944 | D:2      | Killed Jessica
  1944 | D:2      | Gained mutation: You have a pair of small horns on your head. [demonic ancestry]
  1944 | D:2      | Reached XP level 4. HP: 35/35 MP: 4/4
  1953 | D:2      | Found a radiant altar of Vehumet.
  2185 | D:2      | Found a faded altar of an unknown god.
  2408 | D:3      | Noticed Robin
  2479 | D:3      | Found a shimmering altar of Xom.
  2479 | D:3      | Found a shimmering altar of Xom.
  2479 | D:3      | Found a shimmering altar of Xom.
  2480 | D:3      | Found a shimmering altar of Xom.
  2484 | D:3      | Found a shimmering altar of Xom.
  2484 | D:3      | Found a shimmering altar of Xom.
  2521 | D:3      | Found an iron altar of Okawaru.
  2634 | D:3      | Found a shimmering altar of Xom.
  2713 | D:3      | Found a hazy altar of Hepliaklqana.
  2839 | D:3      | Killed Robin
  2839 | D:3      | Gained mutation: Your flesh is heat resistant. (rF+) [demonic ancestry]
  2839 | D:3      | Reached XP level 5. HP: 42/42 MP: 5/5
  3234 | D:3      | Killed from afar by an orc

Vault maps used:
D:1:      dpeg_arrival_rooms_c, st_stairs_12
D:2:      lemuel_round_altar, chequers_ecumenical_altar_island, uniq_jessica
D:3:      nicolae_xom_altar_mimics, lemuel_coloured_pillars_altar,
          okawaru_metal_pillars_3, first_bread, tgw_trog, uniq_robin

Skill      XL: |  1  2  3  4 |
---------------+-------------+-----
Armour         | 3 |  3.9
Shields        | 3 |  3.1
Long Blades    | 2 3 |  3.1
Fighting       | |  3.8

Action                   |  1- 3 |  4- 6 || total
-------------------------+-------+-------++-------
Melee: Long sword        |    92 |    79 ||   171
       Headbutt          |       |    17 ||    17
  Use: Potion            |       |     1 ||     1
       Scroll            |       |     6 ||     6
  Eat: Fruit             |     4 |       ||     4
       Chunk             |     1 |     3 ||     4
Armor: Scale mail        |    42 |     9 ||    51
       Chain mail        |       |    72 ||    72
Dodge: Dodged            |    45 |    48 ||    93
       Rpst.: Long sword |    18 |    14 ||    32

Table legend:
 A = Spawn XP
 B = Non-spawn XP
 C = Spawn XP percentage of total XP
 D = Spawn monster count
 E = Non-spawn monster count
 F = Spawn count percentage of total count
 G = Total turns spent on level
                    A         B        C        D         E        F      G
               +---------+---------+-------+---------+---------+-------+---------
         Total |       0 |     243 |   0.0 |       0 |      59 |   0.0 |  3234
               +---------+---------+-------+---------+---------+-------+---------
           D:1 |       0 |      57 |   0.0 |       0 |      25 |   0.0 |  1341
           D:2 |       0 |      67 |   0.0 |       0 |      10 |   0.0 |  1129
           D:3 |       0 |     119 |   0.0 |       0 |      24 |   0.0 |   764
               +---------+---------+-------+---------+---------+-------+---------
